Map: [ESL] Waterfall

Players

DPGDark (Dark)

  • Race: Zerg Zerg
  • League: Master
  • Spawn Location: 1:00

Bunny - Winner!

  • Race: Terran Terran
  • League: Silver
  • Spawn Location: 7:00

VOD

Have the link to the VOD?

Description

Time

  • Played on: Nov. 5, 2022, 10:05 a.m.
  • Length: 8:46
Show
View Real Time Build Order
Export as new Build Order

DPGDark Zerg 

Build Orders: Hatch First 

Get SALT Encoding   

  12  0:00  Drone  
  13  0:12  Overlord  
  13  0:17  Drone  
  14  0:31  Drone  
  14  0:32  Drone  
  16  0:50  Hatchery  
  16  0:52  Drone  
  16  0:56  Drone  
  17  0:58  Drone  
  18  1:11  Extractor  
  17  1:14  Spawning Pool  
  17  1:17  Drone  
  17  1:21  Drone  
  18  1:28  Drone  
  19  1:39  Drone  
  20  1:49  Drone  
  21  2:01  Queen x2  
  21  2:02  Zergling x4  
  27  2:12  Zergling x2  
  27  2:13  Overlord  
  28  2:26  Hatchery  
  26  2:31  Drone x2  
  26  2:33  Drone  
  29  2:40  Roach Warren  
  29  2:41  Drone  
  29  2:50  Queen  
  31  2:58  Drone x2  
  32  3:06  Overlord  
  32  3:07  Drone x2  
  34  3:14  Overlord  
  34  3:24  Roach x3  
  42  3:27  Roach  
  42  3:32  Overlord  
  42  3:35  Roach  
  42  3:38  Roach  
  46  3:41  Roach  
  46  3:45  Roach  
  50  3:51  Roach x2  
  54  4:00  Overlord  
  54  4:01  Drone x3  
  57  4:03  Drone  
  57  4:05  Drone  
  57  4:09  Drone  
  61  4:10  Drone  
  61  4:13  Ravager  
  61  4:16  Drone x2  
  64  4:25  Drone x2  
  64  4:29  Drone  
  64  4:30  Drone  
  70  4:35  Drone x3  
  70  4:38  Drone x2  
  73  4:42  Drone x2  
  73  4:44  Drone x2  
  66  4:53  Queen  
  66  4:54  Lair  
  66  4:55  Drone x3  
  61  5:01  Queen, Drone x2, Extractor  
  61  5:02  Extractor  
  61  5:05  Roach  
  61  5:06  Roach  
  66  5:09  Spore Crawler  
  66  5:11  Spore Crawler  
  66  5:12  Roach  
  66  5:16  Spore Crawler  
  66  5:17  Roach  
  67  5:23  Zergling x10  
  66  5:34  Drone x2  
  62  5:37  Drone x3  
  62  5:41  Drone  
  66  5:43  Overlord  
  66  5:46  Overlord  
  65  5:52  Overseer  
  65  5:53  Drone x2  
  64  5:57  Drone x2  
  64  6:03  Drone x3  
  68  6:07  Drone x2  
  68  6:09  Drone  
  70  6:12  Drone  
  70  6:14  Extractor  
  70  6:15  Drone x2  
  72  6:19  Drone  
  72  6:20  Overlord x2  
  72  6:24  Glial Reconstitution  
  73  6:32  Extractor  
  72  6:33  Extractor  
  72  6:37  Roach  
  75  6:40  Roach x4  
  75  6:44  Roach x4  
  89  6:52  Overlord x2  
  89  6:57  Overlord  
  89  7:01  Overlord, Evolution Chamber  
  89  7:02  Drone  
  89  7:10  Drone x2  
  89  7:11  Drone x3  
  89  7:13  Ravager x3  
  89  7:14  Drone  
  89  7:15  Drone x3  
  98  7:27  Drone x5  
  102  7:40  Evolution Chamber  
  102  7:43  Roach x6  
  112  7:44  Ravager  
  112  7:45  Ravager x2  
  112  7:48  Queen  
  117  7:57  Drone  
  118  7:59  Drone x2  
  118  8:03  Drone x2  
  122  8:12  Roach x6  
  104  8:20  Roach x6  
  104  8:27  Roach  
Show
View Real Time Build Order
Export as new Build Order

Bunny Terran - Winner!

Build Orders: Reaper Expand, Hellion Banshee 

Get SALT Encoding   

  12  0:00  SCV  
  13  0:12  SCV  
  14  0:17  Supply Depot  
  14  0:24  SCV  
  15  0:38  SCV  
  15  0:39  Barracks  
  16  0:42  Refinery  
  16  0:50  SCV  
  17  1:02  SCV  
  18  1:14  SCV  
  19  1:26  Reaper, Orbital Command  
  20  1:39  Command Center  
  20  1:44  Refinery  
  20  1:52  Supply Depot  
  20  1:55  SCV  
  20  1:59  Reaper  
  22  2:07  SCV  
  23  2:15  Factory  
  23  2:19  SCV  
  24  2:31  SCV  
  24  2:33  Barracks Reactor  
  25  2:43  SCV  
  26  2:51  Orbital Command  
  26  2:55  SCV  
  27  3:00  Starport  
  27  3:08  SCV  
  28  3:13  Hellion x2  
  28  3:16  SCV  
  28  3:18  Barracks Tech Lab  
  33  3:20  SCV  
  34  3:28  SCV  
  34  3:32  Supply Depot, SCV  
  36  3:35  Hellion x2  
  36  3:41  SCV  
  41  3:42  Cloaking Field  
  41  3:43  Banshee  
  41  3:44  SCV, Marine  
  46  3:56  Hellion x2  
  46  3:57  SCV x2  
  46  4:02  Supply Depot x2  
  52  4:03  Barracks Tech Lab  
  52  4:09  SCV x2  
  54  4:25  Stimpack  
  54  4:26  Banshee  
  54  4:27  Barracks  
  54  4:31  Barracks  
  57  4:35  Marine  
  57  4:37  Orbital Command  
  58  4:40  SCV  
  57  4:55  SCV  
  57  4:58  Factory Reactor  
  57  4:59  Supply Depot  
  54  5:18  Engineering Bay, Starport Reactor  
  54  5:21  Engineering Bay, SCV x2, Marine  
  50  5:36  SCV x2  
  50  5:41  Marine  
  50  5:46  Barracks  
  50  5:47  Barracks, Marine x2  
  50  5:48  SCV x2, Command Center  
  54  5:53  Siege Tank  
  54  5:54  Marine x2  
  59  5:59  Marine  
  59  6:01  Supply Depot, Terran Infantry Weapons Level 1  
  59  6:02  Supply Depot  
  62  6:12  Supply Depot, Combat Shield  
  62  6:14  SCV x2  
  62  6:20  Refinery x2  
  62  6:21  Terran Infantry Armor Level 1  
  62  6:25  Marine  
  62  6:26  Marine x3  
  62  6:27  Marine  
  62  6:31  Siege Tank  
  70  6:33  SCV x2  
  70  6:35  Medivac  
  74  6:44  Medivac  
  74  6:46  Supply Depot  
  76  6:47  SCV x2  
  76  6:48  Supply Depot  
  76  6:52  Barracks Reactor  
  78  6:55  Marauder  
  78  6:56  Marine x4  
  78  6:57  Barracks Reactor  
  84  7:03  SCV x2  
  84  7:07  Medivac  
  88  7:15  Supply Depot  
  88  7:16  Medivac  
  88  7:21  Marine  
  88  7:22  Marine x4  
  95  7:24  SCV x2  
  95  7:29  Siege Tank  
  100  7:31  Orbital Command  
  100  7:35  Supply Depot, Marine x4  
  104  7:37  Medivac  
  104  7:39  Marine x2  
  104  7:43  SCV x2  
  110  7:44  Marine  
  110  7:45  Marine x2  
  110  7:48  Medivac  
  115  7:52  Marine  
  115  7:53  Marine  
  115  7:55  SCV x2  
  115  7:58  SCV  
  120  7:59  Supply Depot  
  120  8:02  Supply Depot  
  120  8:04  Armory  
  120  8:09  Marine  
  120  8:10  Marine x5  
  110  8:21  Marauder, Marine x2  
  110  8:27  Marine  
  111  8:28  Marine x4  
Tags
 
Add a new tag
Caveats
  • Supply blocks, unpowered buildings, or Contaminate may cause inaccurate times.
  • Supply counts are checked every 10 seconds.